 Dungeon Crawl Stone Soup version 0.24.0-13-gcf9b319 (webtiles) character file.

Game seed: 13039791132951444170, levelgen mode: deterministic

429 Gazorpazorpfield the Magician (level 6, -4/32 HPs)
             Began as a Deep Elf Fire Elementalist on May 3, 2020.
             Killed from afar by an orc wizard (6 damage)
             ... with a puff of flame
             ... on level 4 of the Dungeon.
             The game lasted 00:11:09 (3774 turns).

Gazorpazorpfield the Magician (DEFE)                Turns: 3774, Time: 00:11:09

Health: -4/32      AC:  2    Str:  5    XL:     6   Next: 66%
Magic:  8/16       EV: 13    Int: 22    God:
Gold:   297        SH:  0    Dex: 15    Spells: 7/16 levels left

rFire    . . .     SeeInvis .   m - +2 dagger (holy)
rCold    . . .     Gourm    .   (no shield)
rNeg     . . .     Faith    .   a - +0 robe
rPois    .         Spirit   .   (no helmet)
rElec    .         Reflect  .   (no cloak)
rCorr    .         Harm     .   (no gloves)
MR       .....                  (no boots)
Stlth    ++........             (no amulet)
HPRegen  0.10/turn              (no ring)
MPRegen  0.15/turn              (no ring)

@: no status effects
A: no striking features
a: no special abilities


You were on level 4 of the Dungeon.
You were not hungry.

You visited 1 branch of the dungeon, and saw 4 of its levels.

You collected 297 gold pieces.

Inventory:

Hand Weapons
 d - a +0 short sword
 l - a +0 dagger
 m - a +2 dagger of holy wrath (weapon)
Armour
 a - a +0 robe (worn)
Wands
 q - a wand of acid (7)
Scrolls
 e - 3 scrolls of magic mapping {unknown}
 f - a scroll of fear {unknown}
 g - 2 scrolls of fog {unknown}
 h - a scroll of blinking {unknown}
 i - 2 scrolls of identify {unknown}
 r - a scroll of teleportation {unknown}
 t - a scroll of immolation {unknown}
Potions
 b - a potion of flight {unknown}
 j - 4 potions of magic
 k - 2 potions of heal wounds
 n - a potion of mutation {unknown}
 o - a potion of might
 p - a potion of agility {unknown}
Comestibles
 c - 5 rations


   Skills:
 + Level 1.4 Short Blades
 + Level 3.0 Dodging
 - Level 3.4 Stealth
 + Level 5.6 Spellcasting
 + Level 3.7 Conjurations
 + Level 5.2 Fire Magic


You had 7 spell levels left.
You knew the following spells:

 Your Spells              Type           Power        Failure   Level  Hunger
a - Flame Tongue          Conj/Fire      ####.        1%          1    None
b - Throw Flame           Conj/Fire      ####..       2%          2    None
c - Conjure Flame         Conj/Fire      ####....     4%          3    ##.....
d - Inner Flame           Hex/Fire       ###.....     10%         3    ##.....

Your spell library contained the following spells:

 Spells                   Type           Power        Failure   Level  Hunger
 Corona                   Hex            #......      10%         1    None
 Dazzling Spray           Conj/Hex       ##....       13%         3    ##.....
 Ensorcelled Hibernation  Hex/Ice        #.....       14%         2    None
 Sticky Flame             Conj/Fire      ####....     16%         4    ####...
 Confuse                  Hex            #.......     28%         3    ##.....
 Tukima's Dance           Hex            #.......     28%         3    ##.....
 Fireball                 Conj/Fire      ####......   38%         5    #####..


Dungeon Overview and Level Annotations

Branches:
Dungeon (4/15)
 Temple: D:4-7

Altars:
Dithmenos
Elyvilon
Vehumet
Yredelemnul


Message History

Unknown command.
A puff of frost appears from out of thin air!
The puff of frost hits you!
A puff of frost appears from out of thin air!
The puff of frost hits you!
A puff of frost appears from out of thin air!
The puff of frost hits you!
* * * LOW HITPOINT WARNING * * *
You hear some strange, mumbled words.
You see here 12 gold pieces.
Items here: ( ) [ † a +0 flail; 3 boomerangs; a cursed -2 scale mail; an orc corpse Something hits you.
* * * LOW HITPOINT WARNING * * *
You see here a +0 chain mail of fire resistance.
Something hits you but does no damage.
You hear some strange, mumbled words.
A puff of flame appears from out of thin air!
The puff of flame hits you.
You die...

.........# ###..#
########.# #..# #
##.#########..# #
#..........#..# #
#.............# #
#.########.#.## #
#.# #.#.# ## #.#
#.#.#
.######.########@#.#
#..................#
.######.########.###
## #.# #.# #
#.########.#
#...$.).[..#
############


There were no monsters in sight!

Vanquished Creatures
  An ogre (D:4)
  Blork the orc (D:4)
  A crimson imp (D:3)
  An iguana (D:4)
  2 worker ants (D:4)
  9 adders
  3 worms (D:3)
  3 dart slugs
  4 leopard geckos
  2 orcs (D:4)
  7 bats
  5 giant cockroaches
  10 goblins
  4 hobgoblins
  A jackal (D:4)
  3 quokkas
  A ball python (D:3)
  6 frilled lizards
  6 kobolds
  8 rats
78 creatures vanquished.

Notes
Turn   | Place    | Note
-------+----------+-------------------------------------------
     0 | D:1      | Gazorpazorpfield the Deep Elf Fire Elementalist began the
                  | quest for the Orb.
     0 | D:1      | Reached XP level 1. HP: 10/10 MP: 6/6
   139 | D:1      | Reached XP level 2. HP: 15/15 MP: 6/8
   745 | D:2      | Reached XP level 3. HP: 19/19 MP: 7/9
   749 | D:2      | Learned a level 2 spell: Throw Flame
   753 | D:2      | Learned a level 3 spell: Conjure Flame
   997 | D:2      | Found a shadowy altar of Dithmenos.
  1416 | D:3      | Learned a level 3 spell: Inner Flame
  1496 | D:3      | Reached XP level 4. HP: 24/24 MP: 3/11
  1638 | D:3      | Found a radiant altar of Vehumet.
  1828 | D:3      | Found a white marble altar of Elyvilon.
  2040 | D:3      | Found a basalt altar of Yredelemnul.
  2118 | D:3      | Reached XP level 5. HP: 6/28 MP: 10/13
  2606 | D:4      | Noticed Blork the orc
  2763 | D:4      | Noticed an ogre
  2771 | D:4      | Killed an ogre
  2895 | D:4      | Reached skill level 5 in Spellcasting
  2904 | D:4      | Reached skill level 1 in Short Blades
  2971 | D:4      | Reached XP level 6. HP: 32/32 MP: 11/15
  3368 | D:4      | Killed Blork the orc
  3368 | D:4      | Reached skill level 5 in Fire Magic
  3774 | D:4      | Killed from afar by an orc wizard

Levels and vault maps discovered:
D:1:      dpeg_arrival_yet_another_circle, layout_rooms
D:2:      layout_basic, old_standard_altar, minmay_misc_feat_room,
          grunt_decor_mini_mirrors
D:3:      layout_loops_cross, kennysheep_ying_yang, overflow_temple_1_default,
          chequers_jeans
D:4:      layout_loops_ring, uniq_crazy_yiuf_cottage, uniq_blork_the_orc

Skill      XL: |  1  2  3  4  5  6 |
---------------+-------------------+-----
Fire Magic     | 4 5 |  5.2
Stealth        | 3 |  3.4
Spellcasting   | 4 5 |  5.6
Conjurations   | 2 3 |  3.7
Short Blades   | 1 |  1.4
Dodging        | 3 |  3.0

Action                   |  1- 3 |  4- 6 || total
-------------------------+-------+-------++-------
Melee: Unarmed           |     1 |       ||     1
       Dagger            |       |    22 ||    22
 Cast: Flame Tongue      |    57 |    59 ||   116
       Throw Flame       |    10 |    24 ||    34
       Conjure Flame     |       |     9 ||     9
  Use: Potion            |       |     2 ||     2
  Eat: Chunk             |     1 |     8 ||     9
Armor: Robe              |     1 |     1 ||     2
Dodge: Dodged            |     8 |    20 ||    28
